 Dungeon Crawl Stone Soup version 0.31-a0-4-gefa6de2278 (webtiles) character file.

Game seed: 14467372676562518895

17543 Ahpoh the Carver (level 12, 0/63 HPs)
             Began as a Vine Stalker Monk on May 3, 2023.
             Was a High Priest of Makhleb.
             Slain by a harpy skeleton (2 damage)
             ... led by a necromancer
             ... on level 13 of the Dungeon.
             The game lasted 00:58:15 (10857 turns).

Ahpoh the Carver (Vine Stalker Monk)               Turns: 10857, Time: 00:58:16

Health: 0/63       AC: 18    Str: 16    XL:     12   Next: 49%
Magic:  0/18       EV:  7    Int: 10    God:    Makhleb [*****.]
Gold:   650        SH:  0    Dex: 20    Spells: 11/11 levels left

rFire   . . .        a - +2 great sword (freeze)
rCold   + . .        (shield currently unavailable)
rNeg    . . .        P - +0 plate armour
rPois   .            y - +0 hat {Stlth+}
rElec   .            p - +1 cloak
rCorr   .            (no gloves)
SInv    .            F - +0 pair of boots
Will    +....        t - amulet of the acrobat
Stlth   x              - ring of flight
HPRegen 1.10/turn    (no ring)
MPRegen 0.16/turn

%: acrobat, guardian spirit
@: flying
A: fangs 3, regeneration 1, magic shield, antimagic bite, no potion heal 2,
iridescent scales 1, cold resistance 1, low MP 1, sense surroundings 1
a: Renounce Religion, Minor Destruction, Lesser Servant of Makhleb, Major
Destruction, Greater Servant of Makhleb


You were on level 13 of the Dungeon.
You worshipped Makhleb.
Makhleb was extremely pleased with you.
You visited 2 branches of the dungeon, and saw 14 of its levels.
You also visited: Ossuary.

You collected 840 gold pieces.
You spent 190 gold pieces at shops.

Inventory:

Hand Weapons
 a - a +2 great sword of freezing (weapon)
 G - a +7 heavy dire flail
 O - a +0 scimitar
Missiles
 i - an atropa-tipped dart (quivered)
 q - a throwing net
Armour
 d - an orb of light
 p - a +1 cloak (worn)
 s - the +2 robe "Pizxusoi" {Str+5}
   (You found it on level 2 of the Dungeon)

   Str:       It affects your strength (+5).
 y - a +0 hat of stealth (worn)
 F - a +0 pair of boots (worn)
 P - a +0 plate armour (worn)
Jewellery
 t - an amulet of the acrobat (around neck)
 u - a ring of fire
 x - a ring of flight (left hand)
 J - a ring of protection from cold
Wands
 g - a wand of flame (13)
 K - a wand of roots (3)
Scrolls
 e - a scroll of magic mapping
 f - a scroll of silence
 h - 10 scrolls of teleportation
 j - 3 scrolls of enchant armour
 z - a scroll of fear
 A - a scroll of blinking
 B - a scroll of enchant weapon
 C - a scroll of fog
 H - a scroll of vulnerability
 I - a scroll of amnesia
 L - a scroll of poison
Potions
 b - 2 potions of invisibility
 c - 2 potions of ambrosia
 k - a potion of mutation
 l - a potion of berserk rage {unknown}
 m - 2 potions of lignification
 n - 2 potions of flight
 o - a potion of curing
 r - a potion of brilliance
 v - 2 potions of resistance
 w - a potion of cancellation {unknown}
 D - a potion of heal wounds {unknown}
 E - a potion of attraction {unknown}
 M - 2 potions of haste {unknown}


   Skills:
 + Level 7.0 Fighting
 + Level 11.4 Long Blades
 + Level 0.5 Throwing
 + Level 6.8 Armour
 + Level 5.0 Dodging
 + Level 3.3 Stealth
 + Level 2.8 Shields
 + Level 10.1 Invocations


You had 11 spell levels left.
You didn't know any spells.
Your spell library contained the following spells:

 Spells                   Type           Power      Damage    Failure   Level
 Kiss of Death            Conj/Necr      0%         2d5       100%        1
 Summon Small Mammal      Summ           0%         N/A       100%        1
 Blink                    Tloc           0%         N/A       100%        2
 Lesser Beckoning         Tloc           0%         N/A       100%        2
 Momentum Strike          Conj/Tloc      0%         3d8       100%        2
 Sublimation of Blood     Necr           0%         N/A       100%        2
 Wereblood                Tmut           0%         N/A       100%        2
 Call Canine Familiar     Summ           0%         N/A       100%        3
 Confusing Touch          Hex            0%         N/A       100%        3
 Inner Flame              Hex/Fire       0%         N/A       100%        3
 Summon Guardian Golem    Hex/Summ       0%         N/A       100%        3
 Animate Dead             Necr           0%         N/A       100%        4
 Dispel Undead            Necr           0%         3d6       100%        4
 Manifold Assault         Tloc           0%         N/A       100%        4
 Borgnjor's Vile Clutch   Necr/Erth      0%         N/A       100%        5
 Summon Forest            Summ/Tloc      0%         N/A       100%        5
 Summon Mana Viper        Hex/Summ       0%         N/A       100%        5
 Yara's Violent Unravell  Hex/Tmut       0%         3d3       100%        5
 Death Channel            Necr           0%         N/A       100%        6
 Summon Cactus Giant      Summ           0%         N/A       100%        6
 Enfeeble                 Hex            0%         N/A       100%        7
 Storm Form               Tmut/Air       0%         N/A       100%        7
 Summon Hydra             Summ           0%         N/A       100%        7


Dungeon Overview and Level Annotations

Branches:
Dungeon (13/15)            Temple (1/1) D:4            Lair (0/5) D:10
    Orc (0/2) D:9         Ossuary (visited)
 Vaults: D:13-14

Altars:
Ashenzari
Cheibriados
Dithmenos
Elyvilon
Fedhas
Gozag
Hepliaklqana
Kikubaaqudgha
Makhleb
Nemelex Xobeh
Okawaru
Qazlal
Ru
Sif Muna
Trog
Uskayaw
Vehumet
Wu Jian
Xom
Yredelemnul
Zin
The Shining One

Shops:
D:1 (   D:4 *   D:9 (


Innate Abilities, Weirdness & Mutations

You have razor-sharp teeth.
Your natural rate of healing is unusually fast.
When hurt, damage is shared between your health and your magic reserves.
Your bite disrupts and absorbs the magic of your enemies.
Potions cannot restore your health.
You are partially covered in iridescent scales. (AC +2)
Your flesh is cold resistant. (rC+)
Your magical capacity is low. (-10% MP)
You passively map a small area around you.


Message History

The tengu conjurer claws you but does no damage.
The harpy skeleton claws you but does no damage. x2
Your Fighting skill increases to level 7!
You slice the tengu conjurer!! You freeze the tengu conjurer.
The tengu conjurer is severely wounded.
The harpy skeleton claws you!
The harpy skeleton claws you but does no damage.
The tengu conjurer closely misses you. The tengu conjurer pecks you.
The tengu conjurer claws you but does no damage.
The harpy skeleton claws you!
The harpy skeleton claws you but does no damage.
You hit the tengu conjurer but do no damage.
The tengu conjurer is severely wounded.
The harpy skeleton claws you!
The harpy skeleton claws you but does no damage.
The harpy skeleton claws you!
The harpy skeleton claws you but does no damage.
The tengu conjurer gestures at you while chanting.
The bolt of lightning hits you!!!
* * * LOW HITPOINT WARNING * * *
The harpy skeleton claws you but does no damage.
The harpy skeleton closely misses you.
The tengu conjurer hits you but does no damage.
The tengu conjurer pecks you but does no damage.
The tengu conjurer claws you but does no damage.
You hear a shout!
Read: 2 scrolls of fear
Press: ? - help, Q - select action, (/) - cycle Dir - look around, f - activate Look: a tengu conjurer (heavily wounded, chance to affect: 97%)
As you read the scroll of fear, it crumbles to dust.
You assume a fearsome visage.
The centaur warrior skeleton is unaffected.
The goliath frog skeleton is unaffected.
The harpy skeleton is unaffected.
The tengu conjurer looks frightened!
The harpy skeleton claws you.
* * * LOW HITPOINT WARNING * * *
The harpy skeleton barely misses you.
The harpy skeleton claws you but does no damage.
The harpy skeleton claws you.
You die...

, **
######################Z..
#........@QZ.............
#.........ZZ.............
#.####################.#.
#.# * #.######### ***
#.......... , , ,
#.........., ,,
#..######## * #..#


You could see a tengu conjurer (fleeing), a harpy skeleton, a centaur warrior
skeleton and a goliath frog skeleton.

Vanquished Creatures
  Gastronok (D:12)
  2 two-headed ogres
  A boulder beetle (D:12)
  A necromancer (D:13)
  An orc knight (D:12)
  2 cyclopes (D:12)
  2 manticores
  An elephant (D:10)
  A gargoyle (D:10)
  A centaur skeleton (D:13)
  3 kobold demonologists
  A komodo dragon (D:11)
  A troll (D:11)
  Grinder (D:5)
  Sigmund (D:5)
  A water elemental (D:12)
  2 shadows
  2 slime creatures (D:12)
  A wyvern (D:8)
  A basilisk (D:10)
  A wraith (D:10)
  9 yaks
  A steam dragon (D:9)
  5 vampire mosquitoes (D:12)
  A warg (D:12)
  3 acid dragons
  Edmund (D:5)
  3 water moccasins
  2 black bears
  5 orc warriors
  21 centaurs
  An ogre (D:5)
  4 kobold brigands
  3 bullfrogs
  2 elf zombies (Ossuary)
  2 gnoll sergeants
  5 scorpions
  3 wights (D:9)
  6 killer bees (D:10)
  A howler monkey (D:10)
  3 centaur zombies (Ossuary)
  A human zombie (Ossuary)
  2 jellies
  2 hounds
  5 orc priests
  2 gnoll boudas
  2 iguanas (D:9)
  3 sleepcaps
  5 orc wizards
  2 hound zombies (Ossuary)
  3 mummies (Ossuary)
  Robin (D:2)
  26 gnolls
  7 adders
  A shadow imp (D:6)
  A white imp (D:8)
  An ufetubus (D:5)
  2 adder zombies (Ossuary)
  A worm (D:2)
  2 dart slugs (D:1)
  30 orcs
  7 ball pythons
  13 endoplasms
  3 giant cockroaches
  6 hobgoblins
  A jackal (D:2)
  2 quokkas
  6 bats
  14 frilled lizards
  14 goblins
  8 goblin zombies (Ossuary)
  3 hobgoblin zombies (Ossuary)
  3 jackal zombies (Ossuary)
  29 kobolds
  A kobold zombie (Ossuary)
  2 orc zombies (Ossuary)
  4 quokka zombies (Ossuary)
  3 rats
  5 rat zombies (Ossuary)
332 creatures vanquished.

Vanquished Creatures (collateral kills)
  A yak (D:10)
  A black bear (D:10)
2 creatures vanquished.

Vanquished Creatures (others)
  24 plants
  3 withered plants (D:2)
27 creatures vanquished.

Grand Total: 361 creatures vanquished

Notes
Turn   | Place    | Note
-------+----------+-------------------------------------------
     0 | D:1      | Ahpoh the Vine Stalker Monk began the quest for the Orb.
     0 | D:1      | Reached XP level 1. HP: 11/11 MP: 2/2
   131 | D:1      | Found Xatump's Weapon Shoppe.
   144 | D:1      | Reached XP level 2. HP: 12/16 MP: 3/3
   436 | D:1      | Reached skill level 3 in Long Blades
   511 | D:1      | Reached XP level 3. HP: 3/19 MP: 1/4
   888 | D:2      | Noticed a scorpion
  1011 | D:2      | Noticed Robin
  1018 | D:2      | Gained mutation: Your natural rate of healing is unusually
                  | fast. [Vine Stalker growth]
  1018 | D:2      | Reached XP level 4. HP: 24/24 MP: 3/5
  1031 | D:2      | Killed Robin
  1387 | D:2      | Reached skill level 4 in Long Blades
  1388 | D:2      | Reached XP level 5. HP: 28/28 MP: 6/6
  1428 | D:2      | Found a broken altar of Ashenzari.
  1502 | D:2      | Reached skill level 1 in Stealth
  1698 | D:2      | Identified the +2 robe "Pizxusoi" {Str+5}
  1791 | D:2      | Found a faded altar of an unknown god.
  2119 | D:3      | Found a hazy altar of Hepliaklqana.
  2510 | D:3      | Found a shimmering blue altar of Sif Muna.
  2826 | D:3      | Reached XP level 6. HP: 27/32 MP: 7/7
  2881 | D:4      | Reached skill level 1 in Armour
  2946 | D:4      | Found a sand-covered staircase.
  2952 | Ossuary  | Entered an ossuary
  3004 | Ossuary  | Reached skill level 5 in Long Blades
  3078 | Ossuary  | Reached XP level 7. HP: 34/37 MP: 8/8
  3370 | D:4      | Found Dulen's Gadget Gallery.
  3562 | D:4      | Found a staircase to the Ecumenical Temple.
  3581 | Temple   | Entered the Ecumenical Temple
  3753 | D:5      | Entered Level 5 of the Dungeon
  3759 | D:5      | Noticed Edmund
  3761 | D:5      | Reached skill level 6 in Long Blades
  3777 | D:5      | Killed Edmund
  3778 | D:5      | Gained mutation: You have razor-sharp teeth. [Vine Stalker
                  | growth]
  3778 | D:5      | Reached XP level 8. HP: 22/42 MP: 4/9
  3946 | D:5      | Noticed Grinder
  3956 | D:5      | Killed Grinder
  3980 | D:5      | Reached skill level 7 in Long Blades
  4149 | D:5      | Noticed Sigmund
  4162 | D:5      | Killed Sigmund
  4253 | D:5      | Found a radiant altar of Vehumet.
  4556 | D:6      | Reached XP level 9. HP: 46/46 MP: 10/10
  4676 | D:6      | Reached skill level 5 in Fighting
  4676 | D:6      | Reached skill level 8 in Long Blades
  4708 | D:6      | Found a burning altar of Makhleb.
  4719 | D:6      | Became a worshipper of Makhleb the Destroyer
  4719 | D:6      | Reached * piety under Makhleb
  4719 | D:6      | Reached ** piety under Makhleb
  4950 | D:7      | Found an ornate altar of the Wu Jian Council.
  5057 | D:7      | Identified a scroll of acquirement
  5058 | D:7      | Acquired the +2 kite shield of Servitude {rF+ Will- Int+5
                  | Dex+3}
  5799 | D:7      | Found a stormy altar of Qazlal.
  5865 | D:7      | Found an opulent altar of Gozag.
  5963 | D:7      | Gained mutation: Your flesh is cold resistant. (rC+)
                  | [potion of mutation]
  5963 | D:7      | Gained mutation: You passively map a small area around you.
                  | [potion of mutation]
  5963 | D:7      | Gained mutation: Your magical capacity is low. (-10% MP)
                  | [potion of mutation]
  5963 | D:7      | Gained mutation: You are partially covered in iridescent
                  | scales. (AC +2) [potion of mutation]
  6035 | D:8      | Reached skill level 1 in Invocations
  6119 | D:8      | Reached skill level 1 in Shields
  6160 | D:8      | Noticed a two-headed ogre
  6174 | D:8      | Killed a two-headed ogre
  6280 | D:8      | Reached skill level 5 in Armour
  6280 | D:8      | Reached XP level 10. HP: 35/51 MP: 9/12
  6324 | D:8      | Found a blossoming altar of Fedhas.
  6331 | D:8      | Found a broken altar of Ashenzari.
  6336 | D:8      | Found a shimmering altar of Xom.
  6815 | D:8      | Reached *** piety under Makhleb
  6816 | D:8      | Reached skill level 9 in Long Blades
  6907 | D:9      | Reached skill level 5 in Invocations
  6932 | D:9      | Found a bloodstained altar of Trog.
  7037 | D:9      | Found Qonkotue's Antique Weapon Emporium.
  7037 | D:9      | Found a staircase to the Orcish Mines.
  7043 | D:9      | Bought a glowing great sword for 190 gold pieces
  7368 | D:10     | Entered Level 10 of the Dungeon
  7490 | D:10     | Found a staircase to the Lair.
  7490 | D:10     | Noticed an elephant
  7565 | D:10     | Noticed a gargoyle
  7592 | D:10     | Killed a gargoyle
  7678 | D:10     | Reached **** piety under Makhleb
  7831 | D:10     | Killed an elephant
  8441 | D:11     | Noticed a manticore
  8646 | D:11     | Reached XP level 11. HP: 29/56 MP: 9/15
  8710 | D:11     | Killed a manticore
  9215 | D:11     | Reached skill level 10 in Long Blades
  9217 | D:11     | Noticed a two-headed ogre
  9225 | D:11     | Killed a two-headed ogre
  9559 | D:12     | Noticed a cyclops
  9612 | D:12     | Killed a cyclops
  9732 | D:12     | Noticed a manticore
  9737 | D:12     | Killed a manticore
  9802 | D:12     | Noticed a boulder beetle
  9809 | D:12     | Killed a boulder beetle
  9909 | D:12     | Noticed Gastronok
  9912 | D:12     | Noticed a cyclops
  9957 | D:12     | Killed Gastronok
  9958 | D:12     | Reached XP level 12. HP: 62/62 MP: 18/18
 10001 | D:12     | HP: 1/62 [water elemental (13)]
 10323 | D:12     | Reached skill level 10 in Invocations
 10386 | D:12     | Reached skill level 5 in Dodging
 10425 | D:12     | Reached skill level 11 in Long Blades
 10478 | D:12     | Reached ***** piety under Makhleb
 10856 | D:13     | HP: 3/63 [tengu conjurer/bolt of lightning (29)]
 10857 | D:13     | Slain by a harpy skeleton

Illustrated notes

Levels and vault maps discovered:
D:1:      lightli_arrival_flooded_house, layout_loops_ring, serial_shops,
          shop_fountains
D:2:      minmay_thinvault, layout_loops_corners, basic_altar,
          shapermc_ecumenical_altar_flowoftime, minmay_lizard_king, uniq_robin
D:3:      minmay_spotlight, layout_basic, nicolae_sif_muna_little_library,
          marbit_many_paths
D:4:      layout_rooms, minmay_temple_entry_offerings,
          lightli_ossuary_entry_decrepit_ruins, nicolae_shop_gadgets
D:5:      layout_cave_pools, kennysheep_mini_moat, serial_bayou,
          serial_bayou_pond_d, serial_bayou_lagoon_a, serial_bayou_ford_a,
          serial_bayou_shore_b, uniq_grinder, uniq_edmund, uniq_sigmund
D:6:      layout_rooms, makhleb_grotto_becter
D:7:      layout_basic, lemuel_tele_altar, nicolae_wu_jian_wuxing_cycle,
          nicolae_qazlal_style_of_elements, serial_bayou_pond_d
D:8:      layout_loops_ring, grunt_temple_overflow_diamond,
          serial_bayou_crossing
D:9:      layout_gridville, trog_butcher_becter, serial_shops,
          nicolae_shop_scrapyard
D:10:     layout_irregular_city, david_lair_generic
D:11:     layout_irregular_city
D:12:     layout_loops_ring, lightli_minifort, uniq_gastronok
D:13:     dreamdust_under_siege, layout_long_grid, serial_shops,
          nicolae_shop_trees, shop
Temple:   nicolae_temple_ecumenical_triangle

Skill      XL: |  1  2  3  4  5  6  7  8  9 10 11 12 |
---------------+-------------------------------------+-----
Long Blades    | 3 4 5 6 7 8 9 10 11 | 11.4
Dodging        | 3 4 5 |  5.0
Fighting       | 3 4 5 6 7 |  7.0
Stealth        | 1 2 3 |  3.3
Armour         | 1 2 3 5 6 |  6.8
Invocations    | 3 7 9 10 | 10.1
Shields        | 2 |  2.8
Throwing       | |  0.5

Action                     |  1- 3 |  4- 6 |  7- 9 | 10-12 || total
---------------------------+-------+-------+-------+-------++-------
  Melee: Falchion          |    59 |   209 |   355 |    36 ||   659
         Bite              |    20 |    83 |   162 |   115 ||   380
         Great sword       |       |       |       |   268 ||   268
         Scimitar          |       |       |       |    19 ||    19
  Throw: Dart              |       |       |     2 |       ||     2
         Throwing net      |       |       |     1 |     1 ||     2
 Invoke: Minor Destruction |       |       |    34 |   154 ||   188
         Major Destruction |       |       |       |    11 ||    11
         Lesser Servant of |       |       |       |     1 ||     1
    Use: Potion            |     3 |     3 |     6 |     6 ||    18
         Scroll            |     1 |     2 |     4 |    14 ||    21
   Stab: Sleeping          |       |       |       |     2 ||     2
 Armour: Robe              |    11 |     5 |       |       ||    16
         Scale mail        |       |   100 |   102 |   156 ||   358
         Plate armour      |       |       |       |    47 ||    47
         Acid dragon scale |       |       |       |     6 ||     6
  Dodge: Dodged            |    43 |   125 |   148 |   307 ||   623
  Block: Kite shield       |       |       |    73 |    40 ||   113

Table legend: (Time is in decaauts)
 A = Elapsed time spent in this place.
 B = Non-inter-level travel time spent in this place.
 C = Inter-level travel time spent in this place.
 D = Time resting spent in this place.
 E = Time spent auto-exploring this place.
 F = Levels seen in this place.
 G = Mean time per level.
                   A        B        C        D        E       F      G
               +--------+--------+--------+--------+--------+-----+--------+
         Total |  11005 |  10874 |    131 |    480 |   6775 |  15 |  733.7 |
       Dungeon |  10535 |  10404 |    131 |    480 |   6740 |  13 |  810.4 |
        Temple |     56 |     56 |      0 |      0 |     30 |   1 |   56.0 |
       Ossuary |    413 |    413 |      0 |      0 |      5 |   1 |  413.0 |
               +--------+--------+--------+--------+--------+-----+--------+

Top non-repeatable levels by time:
    D:12: 1337 daAuts
    D:10: 1208 daAuts
     D:2: 1194 daAuts
     D:7: 1078 daAuts
     D:1: 913 daAuts
    D:11: 891 daAuts
     D:8: 836 daAuts
     D:3: 735 daAuts
     D:5: 726 daAuts
     D:9: 594 daAuts
     D:4: 474 daAuts
     D:6: 457 daAuts
 Ossuary: 413 daAuts
    D:13: 86 daAuts
  Temple: 56 daAuts
